 Dungeon Crawl Stone Soup version 0.31-a0-702-gf82c85558f (webtiles) character file.

Game seed: 2763986889211168655

42 qw the Shooter (level 3, -5/22 HPs)
             Began as a Gargoyle Hunter on Sept 8, 2023.
             Killed by nerve-wracking pain
             ... invoked by Grinder
              (7 damage)
             ... on level 3 of the Dungeon.
             The game lasted 00:00:30 (1402 turns).

qw the Shooter (Gargoyle Hunter)                    Turns: 1402, Time: 00:00:31

Health: -5/22      AC:  5    Str: 12 (14) XL:     3   Next: 56%
Magic:  3/3        EV: 12    Int:  7 (9)  God:
Gold:   83         SH:  0    Dex: 14 (15) Spells: 2/2 levels left

rFire   . . .        Y - +1 shortbow
rCold   . . .        (shield currently unavailable)
rNeg    + . .        b - +0 robe {Will+}
rPois   inf          (no helmet)
rElec   +            (no cloak)
rCorr   .            (no gloves)
SInv    .            (no boots)
Will    +....        (no amulet)
Stlth   ++           (no ring)
HPRegen 0.23/turn    (no ring)
MPRegen 0.08/turn

%: no passive effects
@: no status effects
A: sickness immunity, AC +3, negative energy resistance 1, electricity
resistance, torment resistance 1, petrification resistance
a: no special abilities


You were on level 3 of the Dungeon.
You visited 1 branch of the dungeon, and saw 3 of its levels.

You collected 83 gold pieces.


Innate Abilities, Weirdness & Mutations

You are immune to sickness and miasma.
Your stone body is resilient. (AC +3)
You are immune to poison.
You resist negative energy. (rN+)
You are resistant to electric shocks. (rElec)
You are resistant to unholy torment.
You are immune to petrification.


   Skills:
 + Level 2.3 Fighting
 - Level 5.0 Ranged Weapons
 - Level 1.0 Armour
 - Level 1.5 Dodging
 - Level 1.1 Stealth


You had 2 spell levels left.
You didn't know any spells.
Your spell library was empty.

Inventory:

Hand Weapons
 Y - a +1 shortbow (weapon)
Armour
 b - a +0 robe of willpower (worn)
 i - a +0 ring mail
Jewellery
 c - an amulet of guardian spirit
 d - a ring of ice
Scrolls
 h - a scroll of identify
Potions
 a - a potion of curing
 e - a potion of resistance {unknown}
 f - a potion of ambrosia {unknown}
 g - a potion of invisibility {unknown}

Dungeon Overview and Level Annotations

Branches:
Dungeon (3/15)

Altars:

Annotations:
D:3 Grinder


Message History

The arrow hits the frilled lizard.
You kill the frilled lizard!
Grinder gestures at you. You resist with significant effort.
You shoot an arrow. The arrow barely misses Grinder.
Grinder gestures at you.
You easily resist.
Grinder hits you!
You shoot an arrow. The arrow hits Grinder.
Grinder is heavily wounded.
Grinder barely misses you.
You shoot an arrow. The arrow barely misses Grinder.
Grinder closely misses you.
You shoot an arrow. The arrow barely misses Grinder.
Grinder hits you.
You writhe in agony.
You shoot an arrow.
The arrow hits Grinder but does no damage.
Grinder is heavily wounded.
Grinder hits you.
You shoot an arrow. The arrow hits Grinder!
Grinder is severely wounded.
Grinder hits you but does no damage.
You shoot an arrow. The arrow closely misses Grinder.
Grinder hits you but does no damage.
You shoot an arrow. The arrow hits Grinder.
Grinder is severely wounded.
Grinder hits you. Grinder hits you but does no damage.
You shoot an arrow. The arrow closely misses Grinder.
Grinder gestures at you.
You easily resist.
You shoot an arrow. The arrow hits Grinder.
Grinder is severely wounded.
Grinder closely misses you.
You shoot an arrow. The arrow barely misses Grinder.
Grinder hits you but does no damage.
You shoot an arrow. The arrow hits Grinder.
Grinder is severely wounded.
Grinder gestures at you. Pain shoots through your body!
You die...
Grinder says, "Now the real fun starts!"

#....... ##.}P~}~~
##..~.... .
#...P.####.}.# ..
#...~..._#.~.#######..#
..).~.####.~.........
###.~......~..##... #
..#.}}}}~~~}..##.###....
#.>..........##.@5%.....
.................#######
#####............#
........<........#
########.........#
#..........#
#..........#
#............
#.........####


You could see Grinder.

Vanquished Creatures
  2 ball pythons
  4 bats
  4 endoplasms
  A giant cockroach (D:1)
  2 goblins
  7 hobgoblins
  2 jackals (D:1)
  4 kobolds
  2 quokkas
  5 frilled lizards
  5 rats
38 creatures vanquished.

Vanquished Creatures (others)
  A butterfly (D:3)
1 creature vanquished.

Grand Total: 39 creatures vanquished

Notes
Turn   | Place    | Note
-------+----------+-------------------------------------------
     0 | D:1      | qw the Gargoyle Hunter began the quest for the Orb.
     0 | D:1      | Reached XP level 1. HP: 12/12 MP: 1/1
     0 | D:1      | 0 ||| qw: Version: 0.3-a-76-g4403597
     0 | D:1      | 0 ||| qw: Game counter: 1190
     0 | D:1      | 0 ||| qw: Melee chars always use a shield: true
     0 | D:1      | 0 ||| qw: God list: Okawaru
     0 | D:1      | 0 ||| qw: Allow faded altars: false
     0 | D:1      | 0 ||| qw: Do Orc after clearing Dungeon:15 true
     0 | D:1      | 0 ||| qw: Do second Lair branch before Depths: true
     0 | D:1      | 0 ||| qw: Lair rune preference: random
     0 | D:1      | 0 ||| qw: Goals: Normal
     0 | D:1      | 0 ||| PLANNING D:1-11
    92 | D:1      | Reached XP level 2. HP: 17/17 MP: 2/2
   264 | D:1      | Reached XP level 3. HP: 21/21 MP: 3/3
   492 | D:1      | 492 ||| UPGRADING to +0 ring mail.
   502 | D:1      | 502 ||| DROPPING +0 leather armour.
   503 | D:1      | 503 ||| READING scroll labelled JIDOKO QITU.
   504 | D:1      | 504 ||| READING scroll labelled INUZIX SOGGIOCE.
   505 | D:1      | 505 ||| DROPPING scroll of butterflies.
   774 | D:2      | Reached skill level 1 in Armour
   937 | D:2      | Reached skill level 5 in Ranged Weapons
  1280 | D:2      | 1280 ||| UPGRADING to +0 robe of willpower.
  1290 | D:2      | 1290 ||| READING scroll labelled SOIWISHRUGI.
  1291 | D:2      | 1291 ||| DRINKING 2 purple potions.
  1292 | D:2      | 1292 ||| DRINKING 2 coppery potions.
  1293 | D:2      | 1293 ||| DROPPING potion of degeneration.
  1351 | D:3      | Found a faded altar of an unknown god.
  1380 | D:3      | Noticed Grinder
  1394 | D:3      | HP: 5/22 [Grinder (2)]
  1398 | D:3      | HP: 1/22 [Grinder (3)]
  1402 | D:3      | Killed from afar by Grinder

Levels and vault maps discovered:
D:1:      lemuel_arrival_behind_the_door_small, layout_rooms, st_stairs_5,
          minivault_24
D:2:      layout_basic
D:3:      layout_rooms, nicolae_elyvilon_peaceful_grove,
          shapermc_ecumenical_altar_acropolis, uniq_grinder

Skill      XL: |  1  2  3 |
---------------+----------+-----
Armour         | 1 |  1.0
Ranged Weapons | 5 |  5.0
Fighting       | |  2.3
Dodging        | |  1.5
Stealth        | |  1.1

Action                     || total
---------------------------++-------
   Fire: Shortbow          ||   119
    Use: Scroll            ||     3
         Potion            ||     2
 Armour: Leather armour    ||    10
         Ring mail         ||    13
         Robe              ||     8
  Dodge: Dodged            ||    19

Table legend:
 A = Non-vault XP
 B = Vault XP
 C = Vault XP percentage of total XP
 D = Non-vault monster count
 E = Vault monster count
 F = Vault count percentage of total count
                 A         B        C        D         E       F
            +---------+---------+-------+---------+---------+-------
      Total |      57 |       4 |   6.6 |      36 |       2 |   5.3
            +---------+---------+-------+---------+---------+-------
        D:1 |      34 |       4 |  10.5 |      21 |       2 |   8.7
        D:2 |      21 |       0 |   0.0 |      13 |       0 |   0.0
        D:3 |       2 |       0 |   0.0 |       2 |       0 |   0.0
            +---------+---------+-------+---------+---------+-------
